PBL
NEW JERSEY DEVILS @ DETROIT RED WINGS
07/23/2047
 
TOP OF THE 1ST
New Jersey Devils batting - Pitching for Detroit Red Wings : LHP Ricky Herrera
Pitching: LHP Ricky Herrera
Batting: SHB Tyler Maddux 0-0: Ball
1-0: Ball
2-0: Foul Ball, location: 2F
2-1: Foul Ball, location: 2F
2-2: Ball
3-2: Base on Balls
Batting: LHB Randolph Brodbeck 0-0: Called Strike
Tyler Maddux steals 2nd base
0-1: Ball
1-1: Called Strike
1-2: Ball
2-2: Strikes out swinging
Batting: RHB Chris Artz 0-0: Ball
1-0: Foul Ball, location: 2F
1-1: Foul Ball, location: 2F
1-2: Ground out 4-3 (Groundball, 6MS, EV 82.5 MPH)
Tyler Maddux to third
Batting: RHB Jim Freels 0-0: Ball
1-0: Foul Ball, location: 2F
1-1: Swinging Strike
1-2: Foul Ball, location: 2F
1-2: Ball
2-2: Ball
3-2: Foul Ball, location: 2F
3-2: Foul Ball, location: 2F
3-2: SINGLE (Groundball, 4MD, EV 96.9 MPH)
Tyler Maddux scores
Batting: RHB Warren Carmichael 0-0: Ball
1-0: Fielders Choice at 2nd, 5-4 (Groundball, 5, EV 78.8 MPH)
Top of the 1st over - 1 run, 1 hit, 0 errors, 1 left on base; New Jersey 1 - Detroit 0
BOTTOM OF THE 1ST
Detroit Red Wings batting - Pitching for New Jersey Devils : LHP Pedro Botello
Pitching: LHP Pedro Botello
Batting: RHB Alex Duarte 0-0: Ball
1-0: Foul Ball, location: 2F
1-1: Foul Ball, location: 2F
1-2: Strikes out swinging
Batting: RHB Carlos Avila 0-0: Ball
1-0: Foul Ball, location: 2F
1-1: Fly out, F9 (Flyball, 9S, EV 75.6 MPH)
Batting: RHB Jorge Lebron 0-0: Called Strike
0-1: Ball
1-1: Ball
2-1: Foul Ball, location: 2F
2-2: Foul Ball, location: 2F
2-2: Foul Ball, location: 2F
2-2: SOLO HOME RUN (Flyball, 78XD, EV 107.5 MPH), Distance : 435 ft
Batting: RHB António Scarlett 0-0: Ball
1-0: Swinging Strike
1-1: Foul Ball, location: 2F
1-2: Foul Ball, location: 2F
1-2: Ball
2-2: Ball
3-2: Foul Ball, location: 2F
3-2: Strikes out swinging
Bottom of the 1st over - 1 run, 1 hit, 0 errors, 0 left on base; New Jersey 1 - Detroit 1
TOP OF THE 2ND
New Jersey Devils batting - Pitching for Detroit Red Wings : LHP Ricky Herrera
Batting: RHB Sergio Andrada 0-0: Ball
1-0: Called Strike
1-1: Foul Ball, location: 2F
1-2: Foul Ball, location: 2F
1-2: Ground out 6-3 (Groundball, 6MD, EV 103.8 MPH)
Batting: RHB Craig Alvarado 0-0: Ball
1-0: Foul Ball, location: 2F
1-1: Foul Ball, location: 2F
1-2: Ball
2-2: Ball
3-2: Base on Balls
Batting: SHB Ernesto Mazas 0-0: Called Strike
0-1: Ball
1-1: Called Strike
1-2: Strikes out swinging
Batting: RHB Oscar Ramirez 0-0: Called Strike
Craig Alvarado steals 2nd base
0-1: Foul Ball, location: 2F
0-2: Ball
1-2: Strikes out looking
Top of the 2nd over - 0 runs, 0 hits, 0 errors, 1 left on base; New Jersey 1 - Detroit 1
BOTTOM OF THE 2ND
Detroit Red Wings batting - Pitching for New Jersey Devils : LHP Pedro Botello
Batting: RHB Yankel Pensak 0-0: Ball
1-0: Swinging Strike
1-1: Ball
2-1: Foul Ball, location: 2F
2-2: Ball
3-2: Strikes out swinging
Batting: LHB Duda Pinho 0-0: Called Strike
0-1: Foul Ball, location: 2F
0-2: Foul Ball, location: 2F
0-2: Ball
1-2: Strikes out swinging
Batting: LHB Iestyn Peacock 0-0: Ball
1-0: Swinging Strike
1-1: Called Strike
1-2: Ball
2-2: Ground out 6-3 (Groundball, 6, EV 85.6 MPH)
Bottom of the 2nd over - 0 runs, 0 hits, 0 errors, 0 left on base; New Jersey 1 - Detroit 1
TOP OF THE 3RD
New Jersey Devils batting - Pitching for Detroit Red Wings : LHP Ricky Herrera
Batting: SHB Tyler Maddux 0-0: Ball
1-0: Called Strike
1-1: Foul Ball, location: 2F
1-2: SOLO HOME RUN (Flyball, 7LD, EV 98.1 MPH), Distance : 347 ft
Batting: LHB Randolph Brodbeck 0-0: Ball
1-0: Called Strike
1-1: Bunted foul
1-2: Ground out 3-1 (Groundball, 34, EV 81.9 MPH)
Batting: RHB Chris Artz 0-0: Swinging Strike
0-1: Foul Ball, location: 2F
0-2: Strikes out swinging
Batting: RHB Jim Freels 0-0: Called Strike
0-1: Called Strike
0-2: Ball
1-2: Strikes out swinging
Top of the 3rd over - 1 run, 1 hit, 0 errors, 0 left on base; New Jersey 2 - Detroit 1
BOTTOM OF THE 3RD
Detroit Red Wings batting - Pitching for New Jersey Devils : LHP Pedro Botello
Batting: SHB Franklin Garza 0-0: Ball
1-0: SINGLE (Line Drive, 56D, EV 103.1 MPH)
Batting: LHB Jose Peralez 0-0: Fly out, F7 (Flyball, 7, EV 75.0 MPH)
Batting: RHB Alex Duarte 0-0: Fly out, F8 (Flyball, 78M, EV 90.0 MPH)
Batting: RHB Carlos Avila 0-0: Called Strike
0-1: Called Strike
0-2: Ball
1-2: Ball
2-2: Foul Ball, location: 2F
2-2: Ball
3-2: SINGLE (Groundball, 6M, EV 102.5 MPH) (infield hit)
Franklin Garza to second
Batting: RHB Jorge Lebron 0-0: Single, Error in OF, E7, batter to second base (Groundball, 56D, EV 98.8 MPH)
Franklin Garza scores
Carlos Avila to third
Batting: RHB António Scarlett 0-0: Ball
1-0: Foul Ball, location: 2F
1-1: Ball
2-1: DOUBLE (Flyball, 78XD, EV 90.6 MPH)
Carlos Avila scores
Jorge Lebron scores
Batting: RHB Yankel Pensak 0-0: Called Strike
0-1: Ball
1-1: Ball
2-1: Called Strike
2-2: Foul Ball, location: 2F
2-2: Ball
3-2: Foul Ball, location: 2F
3-2: Strikes out swinging
Bottom of the 3rd over - 3 runs, 4 hits, 1 error, 1 left on base; New Jersey 2 - Detroit 4
TOP OF THE 4TH
New Jersey Devils batting - Pitching for Detroit Red Wings : LHP Ricky Herrera
Batting: RHB Warren Carmichael 0-0: Ball
1-0: Called Strike
1-1: Called Strike
1-2: SINGLE (Line Drive, 4D, EV 94.4 MPH)
Batting: RHB Sergio Andrada 0-0: Fly out, F7 (Flyball, 7, EV 98.8 MPH)
Batting: RHB Craig Alvarado 0-0: Ball
1-0: Ball
2-0: Swinging Strike
2-1: Ball
3-1: Foul Ball, location: 2F
3-2: Strikes out swinging
Batting: SHB Ernesto Mazas 0-0: Fielders Choice at 2nd, 5-4 (Groundball, 5, EV 85.0 MPH)
Top of the 4th over - 0 runs, 1 hit, 0 errors, 1 left on base; New Jersey 2 - Detroit 4
BOTTOM OF THE 4TH
Detroit Red Wings batting - Pitching for New Jersey Devils : LHP Pedro Botello
Batting: LHB Duda Pinho 0-0: Ball
1-0: Called Strike
1-1: Ground out U3 (Groundball, 34, EV 86.2 MPH)
Batting: LHB Iestyn Peacock 0-0: Ball
1-0: Ball
2-0: Called Strike
2-1: Called Strike
2-2: Ball
3-2: Base on Balls
Batting: SHB Franklin Garza 0-0: Fly out, F3 (Popup, 3SF, EV 81.2 MPH)
Batting: LHB Jose Peralez 0-0: Foul Ball, location: 2F
0-1: Ball
1-1: Ball
2-1: Ball
3-1: Foul Ball, location: 2F
3-2: Foul Ball, location: 2F
3-2: Strikes out swinging
Bottom of the 4th over - 0 runs, 0 hits, 0 errors, 1 left on base; New Jersey 2 - Detroit 4
TOP OF THE 5TH
New Jersey Devils batting - Pitching for Detroit Red Wings : LHP Ricky Herrera
Batting: RHB Oscar Ramirez 0-0: Called Strike
0-1: Fly out, F8 (Flyball, 8RD, EV 103.1 MPH)
Batting: SHB Tyler Maddux 0-0: SOLO HOME RUN (Flyball, 7LD, EV 96.9 MPH), Distance : 362 ft
Batting: LHB Randolph Brodbeck 0-0: Called Strike
0-1: Ball
1-1: Ball
2-1: Called Strike
2-2: Ball
3-2: Strikes out looking
Batting: RHB Chris Artz 0-0: Ball
1-0: Ball
2-0: Ball
3-0: Base on Balls
Batting: RHB Jim Freels 0-0: Ball
1-0: Called Strike
1-1: Swinging Strike
1-2: SINGLE (Line Drive, 6D, EV 106.2 MPH)
Chris Artz to second
Chris Artz to third
Batting: RHB Warren Carmichael 0-0: Ball
1-0: Called Strike
1-1: Swinging Strike
1-2: Ball
2-2: Fly out, F9 (Flyball, 9S, EV 81.9 MPH)
Top of the 5th over - 1 run, 2 hits, 0 errors, 2 left on base; New Jersey 3 - Detroit 4
BOTTOM OF THE 5TH
Detroit Red Wings batting - Pitching for New Jersey Devils : LHP Pedro Botello
Batting: RHB Alex Duarte 0-0: Fly out, F9 (Flyball, 89M, EV 84.4 MPH)
Batting: RHB Carlos Avila 0-0: Ball
1-0: Called Strike
1-1: DOUBLE (Flyball, 89D, EV 99.4 MPH)
Pitching: RHP Kenbede Sellimi
Batting: RHB Jorge Lebron 0-0: Swinging Strike
0-1: Ground out 2-3 (Groundball, 13S, EV 61.2 MPH)
Carlos Avila to third
Batting: RHB António Scarlett 0-0: Foul Ball, location: 2F
0-1: Foul Ball, location: 2F
0-2: Ball
1-2: Foul Ball, location: 2F
1-2: Strikes out swinging
Bottom of the 5th over - 0 runs, 1 hit, 0 errors, 1 left on base; New Jersey 3 - Detroit 4
TOP OF THE 6TH
New Jersey Devils batting - Pitching for Detroit Red Wings : LHP Ricky Herrera
Batting: RHB Sergio Andrada 0-0: Ball
1-0: Ground out 4-3 (Groundball, 34D, EV 96.9 MPH)
Batting: RHB Craig Alvarado 0-0: Ball
1-0: Called Strike
1-1: Swinging Strike
1-2: Foul Ball, location: 2F
1-2: Strikes out swinging
Batting: SHB Ernesto Mazas 0-0: Foul Ball, location: 2F
0-1: Ball
1-1: Called Strike
1-2: Strikes out swinging
Top of the 6th over - 0 runs, 0 hits, 0 errors, 0 left on base; New Jersey 3 - Detroit 4
BOTTOM OF THE 6TH
Detroit Red Wings batting - Pitching for New Jersey Devils : RHP Kenbede Sellimi
Batting: RHB Yankel Pensak 0-0: Called Strike
0-1: Ground out 4-3 (Groundball, 4, EV 88.8 MPH)
Batting: LHB Duda Pinho 0-0: Ground out U3 (Groundball, 34, EV 101.2 MPH)
Batting: LHB Iestyn Peacock 0-0: Ball
1-0: Ball
2-0: Called Strike
2-1: Called Strike
2-2: Ball
3-2: Strikes out swinging
Bottom of the 6th over - 0 runs, 0 hits, 0 errors, 0 left on base; New Jersey 3 - Detroit 4
TOP OF THE 7TH
New Jersey Devils batting - Pitching for Detroit Red Wings : LHP Ricky Herrera
Pinch Hitting: RHB Bill Crogan 0-0: Called Strike
0-1: Ball
1-1: Swinging Strike
1-2: Ball
2-2: Ball
3-2: Base on Balls
Pitching: RHP Antonio Hernandez
Batting: SHB Tyler Maddux 0-0: Ball
1-0: Bunted foul
1-1: Bunted foul
1-2: Foul Ball, location: 2F
1-2: Ball
2-2: Ball
3-2: Foul Ball, location: 2F
3-2: Base on Balls
Bill Crogan to second
Pinch Hitting: SHB Alex Cavazos 0-0: Called Strike
0-1: Foul Ball, location: 2F
0-2: Ball
1-2: Strikes out swinging
Batting: RHB Chris Artz 0-0: Called Strike
0-1: Swinging Strike
0-2: Ball
1-2: Grounds into double play, 5-4-3 (Groundball, 56S, EV 85.6 MPH)
Top of the 7th over - 0 runs, 0 hits, 0 errors, 1 left on base; New Jersey 3 - Detroit 4
BOTTOM OF THE 7TH
Detroit Red Wings batting - Pitching for New Jersey Devils : RHP Kenbede Sellimi
Now at SS: Chris Graham
Now in CF: Sergio Andrada
Now in RF: Bill Crogan
Batting: SHB Franklin Garza 0-0: Fly out, F8 (Flyball, 8LS, EV 95.0 MPH)
Batting: LHB Jose Peralez 0-0: Ball
1-0: Called Strike
1-1: Ground out U3 (Groundball, 3S, EV 94.4 MPH)
Batting: RHB Alex Duarte 0-0: Called Strike
0-1: Foul Ball, location: 2F
0-2: Foul Ball, location: 2F
0-2: Ball
1-2: Strikes out swinging
Bottom of the 7th over - 0 runs, 0 hits, 0 errors, 0 left on base; New Jersey 3 - Detroit 4
TOP OF THE 8TH
New Jersey Devils batting - Pitching for Detroit Red Wings : RHP Antonio Hernandez
Batting: RHB Jim Freels 0-0: Ball
1-0: Swinging Strike
1-1: Foul Ball, location: 2F
1-2: Ball
2-2: Foul Ball, location: 2F
2-2: Foul Ball, location: 2F
2-2: Ball
3-2: Foul Ball, location: 2F
3-2: Foul Ball, location: 2F
3-2: Base on Balls
Batting: RHB Warren Carmichael 0-0: Fielders Choice at 2nd, 6-4 (Groundball, 56, EV 78.8 MPH)
Pinch Hitting: RHB Eric Zylstra 0-0: Ball
1-0: Bunted foul
1-1: Sac Bunt to 2L - play at first, batter OUT! 2-3
Warren Carmichael to second
Pitching: RHP Neel Verhelst
Pinch Hitting: RHB John Carpenter 0-0: Called Strike
0-1: Ball
1-1: Swinging Strike
1-2: Ball
2-2: Strikes out swinging
Top of the 8th over - 0 runs, 0 hits, 0 errors, 1 left on base; New Jersey 3 - Detroit 4
BOTTOM OF THE 8TH
Detroit Red Wings batting - Pitching for New Jersey Devils : RHP Kenbede Sellimi
Now at 2B: Eric Zylstra
Now in LF: John Carpenter
Now in CF: Ernesto Mazas
Batting: RHB Carlos Avila 0-0: Ground out U3 (Groundball, 3, EV 95.6 MPH)
Batting: RHB Jorge Lebron 0-0: Foul Ball, location: 2F
0-1: Called Strike
0-2: Strikes out swinging, 2-3 out at first.
Batting: RHB António Scarlett 0-0: SINGLE (Groundball, 34D, EV 107.5 MPH)
Batting: RHB Yankel Pensak 0-0: Ball
1-0: Ball
2-0: Called Strike
2-1: Ball
3-1: Foul Ball, location: 2F
3-2: Fly out, F7 (Flyball, 7, EV 91.2 MPH)
Bottom of the 8th over - 0 runs, 1 hit, 0 errors, 1 left on base; New Jersey 3 - Detroit 4
TOP OF THE 9TH
New Jersey Devils batting - Pitching for Detroit Red Wings : RHP Neel Verhelst
Pinch Hitting: RHB Brian Bonin 0-0: Called Strike
0-1: Ball
1-1: Foul Ball, location: 2F
1-2: Fly out, F8 (Flyball, 8RM, EV 83.1 MPH)
Batting: RHB Bill Crogan 0-0: Ball
1-0: Foul Ball, location: 2F
1-1: Foul Ball, location: 2F
1-2: SINGLE (Groundball, 34D, EV 103.1 MPH)
Batting: SHB Tyler Maddux 0-0: Ball
1-0: Ball
2-0: Called Strike
2-1: Ball
3-1: Foul Ball, location: 2F
3-2: Foul Ball, location: 2F
3-2: Foul Ball, location: 2F
3-2: Foul Ball, location: 2F
3-2: Base on Balls
Bill Crogan to second
Batting: RHB Chris Graham 0-0: Ball
1-0: Foul Ball, location: 2F
1-1: Ball
2-1: Ball
3-1: Called Strike
3-2: Foul Ball, location: 2F
3-2: Grounds into double play, 6-4-3 (Groundball, 6, EV 88.8 MPH)
Top of the 9th over - 0 runs, 1 hit, 0 errors, 1 left on base; New Jersey 3 - Detroit 4
Thursday, December 15th , 2022 - OOTP Baseball 23.9 Build 102